 Dungeon Sprint DCSS version 0.19-a0-860-g5c370dd (webtiles) character file.

25083 LORDOFBUTT the Brawler (level 12, -2/210 HPs)
             Began as a Troll Berserker on July 3, 2016.
             Was the Champion of Trog.
             Slain by a manticore (15 damage)
             ... in the Dungeon (Sprint IX: "|||||||||||||||||||||||||||||").
             The game lasted 00:10:15 (1688 turns).

LORDOFBUTT the Brawler (Troll Berserker)            Turns: 1688, Time: 00:10:16

Health: -2/210     AC: 11    Str: 33    XL:     12   Next: 86%
Magic:  12/12      EV: 20    Int:  3    God:    Trog [******]
Gold:   1710       SH:  0    Dex: 13    Spells: 0 memorised, 11 levels left

rFire  + . .     SeeInvis .       - Unarmed
rCold  . . .     Gourm    +     a - +1 animal skin
rNeg   . . .     Faith    .     (no shield)
rPois  .         Spirit   .     y - +2 hat {MR+}
rElec  .         Dismiss  .     z - +2 cloak
rCorr  .         Reflect  .     (gloves unavailable)
SustAt .         Harm     .     (boots unavailable)
MR     ++...     NoTele   +     (no amulet)
Stlth  ..........               A - ring of protection from fire
                                C - ring of protection from magic

@: berserking, manticore barbs, very slightly contaminated, very quick, very
resistant to hostile enchantments, extremely unstealthy
A: unfitting armour, claws 3, fast metabolism 3, gourmand, regeneration 2,
shaggy fur 1, tough skin 2
a: Berserk, Trog's Hand, Brothers in Arms, Burn Spellbooks, Renounce Religion


You were in the Dungeon.
You worshipped Trog.
Trog was exalted by your worship.
You were very full.

You visited 1 branch You collected 1948 gold pieces.
You spent 238 gold pieces at shops.

Inventory:

Hand Weapons
 i - a +2 triple crossbow of freezing
 u - the +7 lajatang of the Dove {freeze, *Drain rPois rN++}
   (Trog gifted it to you in the Dungeon)

   It has been specially enchanted to freeze those struck by it, causing extra
   injury to most foes and up to half again as much damage against particularly
   susceptible opponents.
   It can also slow down cold-blooded creatures.
   It protects you from poison.
   It greatly protects you from negative energy.
   It causes draining when unequipped.
Armour
 a - a +1 animal skin (worn)
 y - a +2 hat of magic resistance (worn)
 z - a +2 cloak (worn)
Jewellery
 m - a +3 ring of dexterity
 n - a +3 ring of dexterity
 A - a ring of protection from fire (right claw)
 B - an uncursed ring of protection from fire
 C - a ring of protection from magic (left claw)
 D - an uncursed ring of protection from magic
Wands
 l - a wand of lightning (4/15)
 F - a wand of iceblast (5/15)
Scrolls
 h - 2 scrolls of blinking
 k - 4 scrolls of remove curse
 q - 2 scrolls of enchant armour
 r - a scroll of identify
 s - a scroll of fog
 E - a scroll of recharging
Potions
 c - 5 potions of curing
 d - 9 potions of heal wounds
 e - a potion of haste
 f - 4 potions of magic
 g - a potion of berserk rage
 j - a potion of invisibility
 o - a potion of cure mutation
 p - 2 potions of brilliance
 t - 3 potions of might
 v - a potion of agility
Comestibles
 b - 14 bread rations
 w - 40 fruits
 x - 12 meat rations
 G - a chunk of flesh


   Skills:
 + Level 14.5 Fighting
 + Level 17.1 Dodging
 + Level 4.1 Stealth
 + Level 18.7 Unarmed Combat
 + Level 2.0 Evocations


You had 11 spell levels left.
You didn't know any spells.

Dungeon Overview and Level Annotations

Branches:
Dungeon (1/1)

Altars:
Cheibriados
Dithmenos
Elyvilon
Fedhas
Gozag
Hepliaklqana
Kikubaaqudgha
Makhleb
Nemelex Xobeh
Okawaru
Pakellas
Qazlal
Ru
Sif Muna
Trog
Uskayaw
Vehumet
Xom
Yredelemnul
Zin
The Shining One
Beogh
Jiyva
Lugonu

Shops:
D =[?}


Innate Abilities, Weirdness & Mutations

You are too large for most types of armour.
You have claws for hands.
Your metabolism is lightning-fast.
You like to eat raw meat.
You heal very quickly.
You are covered in fur. (AC +1)
You have very tough skin. (AC +2)


Message History

Trog appreciates your killing of a magic user.
Your Dodging skill increases to level 17!
Your Evocations skill increases to level 2!
The manticore flicks its tail.
The volley of spikes misses you.
The volley of spikes hits the merfolk aquamancer.
You eviscerate the merfolk aquamancer!!!
You kill the merfolk aquamancer!
Trog accepts your kill.
Trog appreciates your killing of a magic user.
Unknown command.
You are too berserk!
The barbs in your skin will harm you if you move.
Continue?
Okay, then.
You are too berserk!
You are too berserk!
You feel a strong urge to attack something.
The centaur no longer looks unusually strong.
The manticore barely misses you. The manticore claws you!
You die...

♣.▓†▓.▓∩▓.▓.▓.▓[
♣+♣.▓.▓(▓)▓.▓.▓.▓)
▓.▓.▓.▓.▓)▓.▓.▓.▓|
▓c▓.▓)▓(▓)▓.▓.▓.▓?
▓H▓.▓)▓.▓)▓.▓†▓.▓.
▓H▓.▓)▓.▓)▓.▓)▓.▓'
▓t▓.▓(▓.▓(▓.▓†▓.▓_
▓H▓.▓(▓)▓.▓.▓.▓.▓_
▓@▓.▓(▓)▓.▓.▓.▓.▓_
▓C▓.▓.▓.▓.▓.▓.▓.▓_
▓.▓.▓.▓.▓.▓.▓.▓.▓_
▓)▓.▓(▓.▓.▓.▓.▓.▓_
▓.▓.▓.▓.▓.▓.▓.▓.▓_
▓.▓.▓.▓.▓)▓.▓.▓.▓_
▓.▓.▓.▓.▓)▓.▓.▓.▓_
▓.▓.▓[▓.▓)▓.▓†▓.▓_
▓.▓.▓[▓.▓)▓.▓)▓.▓_


You could see a snapping turtle, a manticore, 2 harpies, a centaur and a
friendly hill giant (berserk).

Vanquished Creatures
  A spark wasp (D)
  Erolcha (D)
  A naga warrior (D)
  An ogre mage (D)
  A merfolk avatar (D)
  2 centaur warriors (D)
  2 death yaks (D)
  An anaconda (D)
  A satyr (D)
  A merfolk aquamancer (D)
  A catoblepas (D)
  Sonja (D)
  A naga sharpshooter (D)
  A naga ritualist (D)
  A hill giant (D)
  A wolf spider (D)
  A mana viper (D)
  An orc sorcerer (D)
  4 black mambas (D)
  A naga mage (D)
  A torpor snail (D)
  2 spiny frogs (D)
  A demonic crawler (D)
  A kobold demonologist (D)
  2 komodo dragons (D)
  2 boulder beetles (D)
  A slime creature (D)
  2 two-headed ogres (D)
  A wyvern (D)
  A wraith (D)
  2 tarantellas (D)
  A vampire (D)
  Eustachio (D)
  2 yaks (D)
  2 hippogriffs (D)
  A water moccasin (D)
  2 porcupines (D)
  An ice beast (D)
  12 orc warriors (D)
  A boggart (D)
  6 ogres (D)
  2 wolves (D)
  2 crocodiles (D)
  2 giant frogs (D)
  A killer bee (D)
  A crimson imp (D)
  4 orc priests (D)
  A jelly (D)
  5 orc wizards (D)
  2 iguanas (D)
  2 worker ants (D)
  An adder zombie (D)
  6 orcs (D)
  A goblin (D)
  A bat (D)
  2 giant newts (D)
  A kobold (D)
  A rat (D)
105 creatures vanquished.

Vanquished Creatures (collateral kills)
  2 very ugly things (D)
  A fire dragon (D)
  An ogre mage (D)
  A hydra (D)
  A centaur warrior (D)
  A tengu warrior (D)
  4 death yaks (D)
  An ugly thing (D)
  A troll (D)
  A merfolk (D)
  3 two-headed ogres (D)
  3 ogres (D)
20 creatures vanquished.

Vanquished Creatures (others)
  A spatial maelstrom (D)
  An orb spider (D)
2 creatures vanquished.

Grand Total: 127 creatures vanquished

Notes
Turn   | Place    | Note
-------+----------+-------------------------------------------
     0 | D        | LORDOFBUTT the Troll Berserker began the quest for the Orb.
     0 | D        | Reached XP level 1. HP: 22/22 MP: 0/0
     0 | D        | Banished a spatial maelstrom
    10 | D        | Reached ** piety under Trog
    32 | D        | Noticed a worker ant
    32 | D        | Noticed an orc wizard
    32 | D        | Noticed an ogre
    32 | D        | Noticed a jelly
    34 | D        | Killed a jelly
    34 | D        | Reached *** piety under Trog
    34 | D        | Reached skill level 4 in Unarmed Combat
    34 | D        | Reached XP level 2. HP: 31/32 MP: 1/1
    34 | D        | Reached XP level 3. HP: 38/39 MP: 2/2
    38 | D        | Killed an ogre
    38 | D        | Reached skill level 5 in Fighting
    38 | D        | Reached skill level 5 in Dodging
    38 | D        | Reached skill level 6 in Unarmed Combat
    38 | D        | Reached XP level 4. HP: 50/50 MP: 3/3
    44 | D        | Reached **** piety under Trog
    44 | D        | Reached XP level 5. HP: 45/57 MP: 4/4
    74 | D        | Found a glowing silver altar of Zin.
    74 | D        | Found a glowing golden altar of the Shining One.
    74 | D        | Found an ancient bone altar of Kikubaaqudgha.
    74 | D        | Found a basalt altar of Yredelemnul.
    74 | D        | Found a shimmering altar of Xom.
    74 | D        | Found a radiant altar of Vehumet.
    75 | D        | Found an iron altar of Okawaru.
    76 | D        | Found a burning altar of Makhleb.
    77 | D        | Found a deep blue altar of Sif Muna.
    78 | D        | Found a bloodstained altar of Trog.
    79 | D        | Found a sparkling altar of Nemelex Xobeh.
    80 | D        | Found a white marble altar of Elyvilon.
    81 | D        | Found a roughly hewn altar of Beogh.
    82 | D        | Found a viscous altar of Jiyva.
    83 | D        | Found a corrupted altar of Lugonu.
    84 | D        | Found a blossoming altar of Fedhas.
    85 | D        | Found a snail-covered altar of Cheibriados.
    86 | D        | Found a shadowy altar of Dithmenos.
    87 | D        | Found a stormy altar of Qazlal.
    88 | D        | Found an opulent altar of Gozag.
    89 | D        | Found a sacrificial altar of Ru.
    90 | D        | Found an oddly glowing altar of Pakellas.
    91 | D        | Found a hide-covered altar of Uskayaw.
    92 | D        | Found a hazy altar of Hepliaklqana.
   123 | D        | Noticed a wyvern
   123 | D        | Noticed an ogre
   130 | D        | Killed an ogre
   130 | D        | Reached skill level 7 in Unarmed Combat
   135 | D        | Killed a wyvern
   135 | D        | Reached ***** piety under Trog
   135 | D        | Reached skill level 9 in Unarmed Combat
   135 | D        | Reached XP level 6. HP: 40/71 MP: 5/5
   223 | D        | Noticed a centaur warrior
   223 | D        | Noticed a slime creature
   223 | D        | Noticed an ice beast
   223 | D        | Noticed a hill giant
   226 | D        | Killed a hill giant
   226 | D        | Reached skill level 10 in Unarmed Combat
   226 | D        | Reached XP level 7. HP: 74/80 MP: 6/6
   230 | D        | Killed a slime creature
   230 | D        | Reached skill level 11 in Unarmed Combat
   230 | D        | Reached XP level 8. HP: 83/89 MP: 7/7
   234 | D        | Received a gift from Trog
   237 | D        | Killed a centaur warrior
   237 | D        | Reached skill level 10 in Dodging
   237 | D        | Reached skill level 12 in Unarmed Combat
   363 | D        | Noticed a black mamba
   363 | D        | Noticed a spiny frog
   363 | D        | Noticed a komodo dragon
   363 | D        | Noticed a komodo dragon
   366 | D        | Reached XP level 9. HP: 100/100 MP: 8/8
   371 | D        | Killed a komodo dragon
   372 | D        | Killed a komodo dragon
   372 | D        | Received a gift from Trog
   372 | D        | Reached skill level 10 in Fighting
   372 | D        | Reached skill level 13 in Unarmed Combat
   375 | D        | Killed a spiny frog
   375 | D        | Reached skill level 1 in Stealth
   380 | D        | Killed a black mamba
   443 | D        | Noticed a seven-headed hydra
   447 | D        | Reached ****** piety under Trog
   448 | D        | Noticed a spiny frog
   452 | D        | Received a gift from Trog
   457 | D        | Killed a seven-headed hydra
   457 | D        | Reached XP level 10. HP: 79/111 MP: 9/9
   461 | D        | Reached skill level 14 in Unarmed Combat
   468 | D        | Killed a spiny frog
   489 | D        | Noticed a death yak
   489 | D        | Noticed a death yak
   489 | D        | Noticed a death yak
   489 | D        | Noticed a death yak
   491 | D        | Killed a death yak
   493 | D        | Noticed a death yak
   493 | D        | Killed a death yak
   493 | D        | Received a gift from Trog
   496 | D        | Killed a death yak
   498 | D        | Noticed a death yak
   498 | D        | Killed a death yak
   498 | D        | Reached skill level 15 in Unarmed Combat
   515 | D        | Killed a death yak
   524 | D        | Killed a death yak
   524 | D        | Received a gift from Trog
   529 | D        | Got an encrusted lajatang {god gift}
   530 | D        | Identified the +7 lajatang of the Dove {freeze, *Drain rPois rN++} (Trog gifted it to you in the Dungeon)
   681 | D        | Received a gift from Trog
   686 | D        | Reached XP level 11. HP: 123/123 MP: 10/10
   691 | D        | Received a gift from Trog
   733 | D        | Noticed an orc sorcerer
   744 | D        | Killed an orc sorcerer
   744 | D        | Received a gift from Trog
   752 | D        | Reached skill level 16 in Unarmed Combat
   765 | D        | Received a gift from Trog
   820 | D        | Found Xesao's Gadget Boutique.
   820 | D        | Noticed an ogre mage
   828 | D        | Found Xilues's Magic Scroll Shop.
   831 | D        | Killed an ogre mage
   831 | D        | Received a gift from Trog
   833 | D        | Found Wewub's Antique Armour Boutique.
   838 | D        | Found Lotuesoa's Jewellery Shop.
   850 | D        | Received a gift from Trog
   903 | D        | Bought a glowing hat for 112 gold pieces
   903 | D        | Bought a cloak for 126 gold pieces
   986 | D        | Noticed Sonja
   998 | D        | Killed Sonja
   998 | D        | Received a gift from Trog
  1056 | D        | Noticed Eustachio
  1064 | D        | Killed Eustachio
  1139 | D        | Noticed a catoblepas
  1149 | D        | Noticed a tengu warrior
  1151 | D        | Noticed a fire dragon
  1167 | D        | Killed a catoblepas
  1167 | D        | Received a gift from Trog
  1167 | D        | Reached skill level 17 in Unarmed Combat
  1176 | D        | Noticed an ogre mage
  1188 | D        | Killed a tengu warrior
  1190 | D        | HP: 6/127 [fire dragon/blast of flame (30)]
  1191 | D        | Noticed a centaur warrior
  1191 | D        | Killed a fire dragon
  1192 | D        | Killed an ogre mage
  1192 | D        | Reached skill level 15 in Dodging
  1194 | D        | Noticed a centaur warrior
  1199 | D        | Killed a centaur warrior
  1212 | D        | Killed a centaur warrior
  1232 | D        | Noticed a cyan ugly thing
  1250 | D        | Noticed a brown very ugly thing
  1251 | D        | Noticed a cyan very ugly thing
  1256 | D        | Killed a brown very ugly thing
  1256 | D        | Reached XP level 12. HP: 51/136 MP: 11/11
  1259 | D        | Killed a cyan very ugly thing
  1426 | D        | Noticed Erolcha
  1431 | D        | Killed Erolcha
  1514 | D        | Noticed a naga warrior
  1517 | D        | Noticed an anaconda
  1525 | D        | Received a gift from Trog
  1537 | D        | Killed a naga warrior
  1537 | D        | Reached skill level 1 in Evocations
  1540 | D        | Reached skill level 18 in Unarmed Combat
  1546 | D        | Killed an anaconda
  1559 | D        | Received a gift from Trog
  1606 | D        | Noticed a spark wasp
  1609 | D        | Killed a spark wasp
  1628 | D        | Received a gift from Trog
  1674 | D        | Noticed a merfolk avatar
  1674 | D        | Noticed a satyr
  1674 | D        | Noticed a merfolk aquamancer
  1681 | D        | Killed a merfolk avatar
  1681 | D        | HP: 4/140 [manticore/volley of spikes (10)]
  1685 | D        | Killed a satyr
  1685 | D        | Received a gift from Trog
  1686 | D        | Killed a merfolk aquamancer
  1688 | D        | Slain by a manticore

Vault maps used:
D:        linesprint

Skill      XL: |  1  2  3  4  5  6  7  8  9 10 11 12 |
---------------+-------------------------------------+-----
Fighting       | 3 5 7 8 9 10 11 13 14 | 14.5
Dodging        | 3 5 7 9 10 11 13 15 17 | 17.1
Unarmed Combat | 4 6 9 10 11 12 13 15 17 18 | 18.7
Stealth        | 1 2 3 4 |  4.1
Evocations     | 2 |  2.0

Action                   |  1- 3 |  4- 6 |  7- 9 | 10-12 || total
-------------------------+-------+-------+-------+-------++-------
Melee: Unarmed           |    17 |    31 |    43 |   198 ||   289
       Punch             |       |     1 |     6 |    15 ||    22
Invok: Berserk           |       |     2 |     1 |     9 ||    12
       Brothers in Arms  |       |       |     2 |     8 ||    10
Evoke: Wand              |       |       |       |     3 ||     3
  Use: Scroll            |       |       |       |     6 ||     6
       Potion            |       |       |       |     3 ||     3
 Stab: Petrifying        |       |       |       |     1 ||     1
  Eat: Chunk             |     2 |     7 |     4 |    23 ||    36
Armor: Animal skin       |     1 |       |     2 |    24 ||    27
Dodge: Dodged            |     7 |     8 |    28 |   119 ||   162
